AoeStats
← paikiturbo

Baltic

510914431Analyzed
3v3 RM · 10h ago on Oct 3, 2026· 40m 55s· 6 players
Game mode
Random Map
Map size
Normal (6 player)
Population
200
Speed
Normal
Resources
Standard
Victory
Conquest
Starting age
Dark Age
Ending age
Imperial Age
RankedLock teamsTeams togetherTeam positionsShared explorationLock speedFull tech treeHidden civsTurbo modeCheats
Victory
Defeat
1006
+18
🇹🇼 Italians · Taiwan
990
+18
🇹🇼 Poles · Taiwan
985
+19
🇦🇷 Khmer · Argentina
1108
-21
🇦🇷 Franks · Argentina
1057
-19
🇦🇷 Spanish · Argentina
970
-15
studet515
10:34 Feudal Age
10:42 Man-at-Arms
16:45 Wheelbarrow
20:59 Castle Age
20:08 Scale Mail Armor
20:48 Forging
21:39 Double-Bit Axe
21:37 Horse Collar
22:10 Husbandry
22:23 Scale Barding Armor
23:09 Bloodlines
23:01 Gold Mining
23:33 Light Cavalry
26:45 Iron Casting
26:31 Heavy Plow
30:00 Pikeman
30:41 Squires
30:36 Fletching
34:47 Chain Barding Armor
36:36 Stone Mining
37:26 Wheelbarrow
38:21 Chain Mail Armor
Eagle
11:43 Feudal Age
12:13 Double-Bit Axe
12:20 Fishing Lines
15:24 Wheelbarrow
17:54 Castle Age
16:20 Fletching
18:29 Stone Mining
18:56 Bow Saw
19:05 Gillnets
20:34 Horse Collar
21:35 Town Watch
23:05 Bodkin Arrow
23:56 Loom
24:26 Padded Archer Armor
24:54 Heavy Plow
26:18 Thumb Ring
30:37 Imperial Age
29:17 Ballistics
29:10 Masonry
30:18 Hand Cart
31:00 Squires
31:01 Elite Genoese Crossbowman
32:47 Chemistry
31:34 Arrowslits
31:55 Bracer
34:13 Two-Man Saw
33:46 Crop Rotation
35:12 Arson
38:37 Leather Archer Armor
38:26 Scale Mail Armor
38:36 Forging
victor.rodrigo159753
11:48 Feudal Age
13:18 Wheelbarrow
12:34 Double-Bit Axe
12:33 Horse Collar
18:44 Castle Age
20:00 Heavy Plow
25:43 Imperial Age
26:14 Chemistry
29:33 Hand Cart
29:14 Pikeman
30:34 Halberdier
34:10 Forging
34:01 Scale Mail Armor
37:53 Bow Saw
39:21 Chain Mail Armor
39:43 Iron Casting
41:16 Wagenburg Tactics
41:32 Conscription
paikiturbo
11:26 Feudal Age
24:39 Castle Age
22:34 Double-Bit Axe
23:27 Horse Collar
30:51 Imperial Age
30:49 Padded Archer Armor
30:40 Fletching
33:12 Elite Skirmisher
35:31 Leather Archer Armor
38:43 Thumb Ring
IzzyPizzy
7:17 Loom
10:15 Feudal Age
12:28 Double-Bit Axe
13:43 Gold Mining
15:10 Wheelbarrow
18:24 Castle Age
17:58 Scale Barding Armor
18:12 Forging
18:34 Fletching
18:47 Scale Mail Armor
21:52 Medium Warships
22:39 Bow Saw
23:19 Stone Mining
23:53 Bodkin Arrow
26:39 Gold Shaft Mining
28:22 Husbandry
28:30 Squires
28:15 Gambesons
28:16 Arson
28:48 Chain Mail Armor
29:33 Hand Cart
29:06 Town Watch
35:13 Imperial Age
34:17 Chain Barding Armor
34:33 Iron Casting
35:15 Elite Throwing Axeman
36:37 Plate Mail Armor
37:27 Blast Furnace
37:39 Chemistry
37:17 Conscription
38:12 Siege Engineers
John_Salchichon
1:14 Loom
11:23 Feudal Age
13:11 Wheelbarrow
17:50 Horse Collar
17:57 Double-Bit Axe
20:52 Castle Age
19:00 Gold Mining
19:01 Stone Mining
19:32 Stone Mining
22:48 Bloodlines
22:38 Husbandry
26:26 Forging
26:22 Scale Barding Armor
27:44 Iron Casting
30:33 Chain Barding Armor
36:19 Fletching
37:01 Hand Cart
Connection lost

Rejoining the realm…

Still unreachable

The connection could not be restored.

Session expired

The server has moved on; the page needs a fresh start.